 Dungeon Crawl Stone Soup version 0.28-a0-938-gbc3f381ebc (webtiles) character file.

Game seed: 2192051746995665762

6659 Zonian the Wallflower (level 10, -27/71 (76) HPs)
             Began as a Demonspawn Gladiator on Nov 29, 2021.
             Was an Elder of Uskayaw.
             Annihilated by a very large slime creature (44 damage)
             ... on level 9 of the Dungeon on Nov 30, 2021.
             The game lasted 00:22:38 (14841 turns).

Zonian the Wallflower (Demonspawn Gladiator)       Turns: 14841, Time: 00:22:39

HP:   -27/71 (76)   AC: 13    Str: 15    XL:     10   Next: 73%
MP:   16/16         EV: 14    Int: 11    God:    Uskayaw [****..]
Gold: 364           SH:  0    Dex: 16    Spells: 13/17 levels left

rFire   . . .      SeeInvis .   v - +2 trident (protect)
rCold   . . .      Faith    .   (no shield)
rNeg    . . .      Spirit   .   b - +1 leather armour
rPois   +          Reflect  .   (helmet restricted)
rElec   .          Harm     .   (no cloak)
rCorr   .          Rampage  .   (no gloves)
Will    .....                   (no boots)
Stlth   +++.......              (no amulet)
HPRegen 0.21/turn               o - ring of poison resistance
MPRegen 0.15/turn               G - ring of flight

@: under a protective aura, flying, drained
A: horns 1, yellow scales 1, foul stench 2, spiny 2
a: Renounce Religion, Stomp, Line Pass


You were on level 9 of the Dungeon.
You worshipped Uskayaw.
Uskayaw was noncommittal.
You visited 1 branch of the dungeon, and saw 9 of its levels.
You also visited: Ossuary.

You collected 364 gold pieces.

Inventory:

Hand Weapons
 a - a +1 trident
 c - a +1 long sword of flaming
 q - a +0 vorpal hunting sling
 v - a +2 trident of protection (weapon)
 y - a +0 rapier
Missiles
 i - 17 sling bullets
 s - 2 throwing nets (quivered)
 E - 29 poisoned darts
Armour
 b - a +1 leather armour (worn)
 d - +2 swamp dragon scales
 g - a +1 pair of gloves of infusion
Magical Staves
 l - a staff of air
Jewellery
 o - a ring of poison resistance (left hand)
 w - an amulet of faith
 G - a ring of flight (right hand)
 L - a ring of resist corrosion
Wands
 p - a wand of digging (8)
 r - a wand of paralysis (4)
 t - a wand of mindburst (8)
 K - a wand of charming (1)
Scrolls
 e - 4 scrolls of fear
 j - a scroll of amnesia
 z - a scroll of enchant weapon
 A - a scroll of enchant armour
 D - a scroll of silence
 H - 2 scrolls of teleportation
 J - a scroll of fog
Potions
 f - 7 potions of curing
 h - 3 potions of brilliance
 k - 3 potions of might
 m - 2 potions of invisibility
 n - 4 potions of attraction
 u - 3 potions of lignification
 x - 2 potions of resistance
 B - a potion of ambrosia
 C - a potion of berserk rage {unknown}
 F - a potion of cancellation {unknown}
 I - a potion of mutation {unknown}


   Skills:
 + Level 5.8 Fighting
 + Level 6.2 Polearms
 - Level 4.7 Throwing
 - Level 1.4 Armour
 + Level 5.9 Dodging
 + Level 5.3 Stealth
 + Level 4.2 Spellcasting
 + Level 0.7 Conjurations
 + Level 4.6 Transmutations
 + Level 0.5 Air Magic
 + Level 5.1 Poison Magic
 + Level 6.9 Invocations


You had 13 spell levels left.
You knew the following spells:

 Your Spells              Type           Power      Damage    Failure   Level
a - Sting                 Tmut/Pois      52%        1d5       3%          1
b - Mephitic Cloud        Conj/Pois/Air  7%         N/A       34%         3

Your spell library contained the following spells:

 Spells                   Type           Power      Damage    Failure   Level
 Wereblood                Tmut           12%        N/A       6%          2
 Poisonous Vapours        Pois/Air       16%        N/A       13%         2
 Magic Dart               Conj           12%        1d3       22%         1
 Shock                    Conj/Air       12%        1d3       22%         1
 Olgreb's Toxic Radiance  Pois           13%        N/A       34%         4
 Call Imp                 Summ           2%         N/A       41%         2
 Sublimation of Blood     Necr           2%         N/A       41%         2
 Alistair's Intoxication  Tmut/Pois      8%         N/A       71%         5
 Petrify                  Tmut/Erth      7%         N/A       73%         4
 Fulminant Prism          Conj/Hex       1%         3d6       94%         4
 Irradiate                Conj/Tmut      4%         3d15      95%         5
 Cause Fear               Hex            1%         N/A       96%         4
 Eringya's Noxious Bog    Tmut/Pois      6%         N/A       99%         6
 Borgnjor's Vile Clutch   Necr/Erth      1%         N/A       100%        5
 Iron Shot                Conj/Erth      1%         9d1       100%        6
 Dragon Form              Tmut           6%         N/A       100%        7
 Summon Hydra             Summ           1%         N/A       100%        7
 Lehudib's Crystal Spear  Conj/Erth      1%         10d2      100%        8
 Dragon's Call            Summ           1%         N/A       100%        9


Dungeon Overview and Level Annotations

Branches:
Dungeon (9/15)             Temple (0/1) D:6         Ossuary (visited)
   Lair: D:8-11         Orc: D:9-12

Altars:
Uskayaw
Wu Jian
Zin

Shops:
D:2 ?=   D:3 :   D:9 (

Portals:
Abyss: D:8

Annotations:
D:8 2 transporters, Kuderic's ghost, novice MiBe


Innate Abilities, Weirdness & Mutations

You have a pair of small horns on your head.
You are partially covered in yellow scales. (AC +2)
You sometimes emit foul miasma when damaged in melee.
You are mostly covered in sharp spines.


Message History

The slime creature barely misses you.
You puncture the slime creature!
You kill the slime creature!
You hit the slime creature.
The slime creature is lightly wounded.
The slime creature hits you.
You hit the slime creature.
Your headbutt misses the slime creature.
The slime creature is lightly wounded.
The slime creature is struck by your spines.
The slime creature barely misses you.
Uskayaw will force your foes to helplessly watch your dance.
Uskayaw prepares the audience for your solo!
The helpless slime creature fails to defend itself.
You puncture the slime creature!
You headbutt the slime creature, but do no damage.
The slime creature is moderately wounded.
The helpless slime creature fails to defend itself.
You impale the slime creature!! You headbutt the slime creature.
The slime creature is heavily wounded.
The slime creature is no longer paralysed.
The large slime creature is no longer paralysed.
Two slime creatures merge to form a very large slime creature.
Uskayaw will force your foes to share their pain.
You puncture the very large slime creature!
The very large slime creature is moderately wounded.
The very large slime creature is struck by your spines.
The very large slime creature hits you!!!
Ouch! That really hurt!
* * * LOW HITPOINT WARNING * * *
You puncture the very large slime creature!
Your headbutt misses the very large slime creature.
The very large slime creature is moderately wounded.
The very large slime creature completely misses you.
You hit the very large slime creature.
The very large slime creature is moderately wounded.
The very large slime creature is struck by your spines.
The very large slime creature hits you!!!
Ouch! That really hurt!
You die...

.##. .†.#.# .JJ...
∩.....# ..... #
#.#.###########.#
#........J@.....#
#.####..############
# #.# #..# # #.#
#..# # #.# #..# #
#.# #..#
####.####..#
...........#
..........##


You could see a very large slime creature.

Vanquished Creatures
  A two-headed ogre (D:7)
  Maggie (D:6)
  A hornet (D:8)
  A slime creature (D:9)
  6 yaks (D:6)
  A wraith (Ossuary)
  2 wyverns
  2 steam dragons
  An acid dragon (D:7)
  2 water moccasins
  An ice beast (D:7)
  2 orc warriors (D:8)
  3 sky beasts (D:5)
  2 black bears
  A necrophage (D:4)
  An ogre (D:5)
  4 centaurs
  2 kobold brigands
  A gnoll sergeant (D:5)
  3 bullfrogs
  2 scorpions (D:4)
  A water moccasin skeleton (D:6)
  15 killer bees
  6 wights
  A human zombie (D:6)
  A bullfrog zombie (D:5)
  2 centaur zombies
  4 hounds
  3 orc priests
  A bullfrog skeleton (D:5)
  Jessica (D:3)
  An iguana (D:4)
  7 orc wizards
  A mummy (Ossuary)
  11 gnolls
  7 adders
  3 white imps
  4 ufetubi
  An adder zombie (D:4)
  2 worms (D:4)
  2 dart slugs
  26 orcs
  5 ball pythons
  3 bats
  7 endoplasms
  3 giant cockroaches
  3 goblins
  3 hobgoblins
  6 jackals (D:1)
  11 kobolds
  6 quokkas
  A frilled lizard (D:2)
  4 gnoll skeletons (Ossuary)
  7 kobold skeletons (Ossuary)
  14 orc skeletons (Ossuary)
  2 rats (D:3)
  A rat zombie (D:6)
216 creatures vanquished.

Vanquished Creatures (others)
  An orc (D:8)
  A plant (D:2)
2 creatures vanquished.

Grand Total: 218 creatures vanquished

Notes
Turn   | Place    | Note
-------+----------+-------------------------------------------
     0 | D:1      | Zonian the Demonspawn Gladiator began the quest for the
                  | Orb.
     0 | D:1      | Reached XP level 1. HP: 16/16 MP: 1/1
   155 | D:1      | Gained mutation: You have a pair of small horns on your
                  | head. [demonic ancestry]
   155 | D:1      | Reached XP level 2. HP: 22/22 MP: 2/2
   830 | D:2      | Gained mutation: You may rarely emit foul miasma when
                  | damaged in melee. [demonic ancestry]
   830 | D:2      | Reached XP level 3. HP: 25/27 MP: 3/3
   898 | D:2      | Found Daibric's Magic Scroll Shoppe.
  1158 | D:2      | Found Gabifajukh's Jewellery Shoppe.
  1367 | D:2      | Reached skill level 1 in Armour
  1700 | D:3      | Found an ornate altar of the Wu Jian Council.
  2030 | D:3      | Noticed Jessica
  2036 | D:3      | Killed Jessica
  2037 | D:3      | Reached XP level 4. HP: 34/34 MP: 4/4
  2287 | D:3      | Found a faded altar of an unknown god.
  2778 | D:3      | Prayed at the altar of an unknown god.
  2778 | D:3      | Became a worshipper of Uskayaw the Reveller
  2778 | D:3      | Reached * piety under Uskayaw
  2951 | D:3      | Reached ** piety under Uskayaw
  3081 | D:3      | Learned a level 1 spell: Sting
  3157 | D:3      | Found Duto's Book Boutique.
  3217 | D:3      | Acquired a +1 pair of gloves of infusion
  3277 | D:4      | Gained mutation: You are partially covered in yellow
                  | scales. (AC +2) [demonic ancestry]
  3277 | D:4      | Reached XP level 5. HP: 39/39 MP: 0/5
  3361 | D:4      | Noticed a necrophage
  3426 | D:4      | Reached skill level 1 in Stealth
  3771 | D:4      | Reached *** piety under Uskayaw
  3773 | D:4      | Killed a necrophage
  3774 | D:4      | Reached skill level 1 in Poison Magic
  3774 | D:4      | Reached skill level 1 in Invocations
  3774 | D:4      | Gained mutation: You sometimes emit foul miasma when
                  | damaged in melee. [demonic ancestry]
  3774 | D:4      | Reached XP level 6. HP: 30/46 MP: 0/7
  4023 | D:4      | Reached skill level 1 in Transmutations
  4312 | D:4      | Reached XP level 7. HP: 33/52 MP: 0/8
  4319 | D:4      | Reached **** piety under Uskayaw
  5201 | D:5      | Entered Level 5 of the Dungeon
  6313 | D:5      | Reached XP level 8. HP: 59/59 MP: 1/10
  6537 | D:5      | Reached skill level 1 in Spellcasting
  7951 | D:6      | Found a sand-covered staircase.
  8104 | Ossuary  | Entered an ossuary
  9589 | D:6      | Noticed Maggie
  9619 | D:6      | Killed Maggie
  9620 | D:6      | Reached skill level 5 in Polearms
  9620 | D:6      | Gained mutation: You are partially covered in sharp spines.
                  | [demonic ancestry]
  9620 | D:6      | Reached XP level 9. HP: 28/66 MP: 0/12
 10097 | D:6      | Reached skill level 5 in Invocations
 10606 | D:6      | Reached skill level 5 in Dodging
 11220 | D:6      | Found a staircase to the Ecumenical Temple.
 11331 | D:7      | Noticed a two-headed ogre
 11342 | D:7      | Killed a two-headed ogre
 11343 | D:7      | Reached skill level 5 in Fighting
 11504 | D:7      | Gained mutation: You are mostly covered in sharp spines.
                  | [demonic ancestry]
 11504 | D:7      | Reached XP level 10. HP: 72/74 MP: 14/14
 13306 | D:8      | Reached ***** piety under Uskayaw
 13414 | D:8      | Reached skill level 5 in Stealth
 13482 | D:8      | Paralysed by a hornet for 1 turns
 13770 | D:8      | Reached skill level 5 in Poison Magic
 14063 | D:8      | Found a transporter.
 14080 | D:8      | Found a transporter.
 14121 | D:8      | Noticed a rust devil
 14132 | D:8      | Found a one-way gate to the infinite horrors of the Abyss.
 14133 | D:8      | Noticed Kuderic's ghost (novice MiBe)
 14382 | D:9      | Acquired Zonian's Guide on Unstable Confrontation
 14388 | D:9      | Learned a level 3 spell: Mephitic Cloud
 14815 | D:9      | Found Geit Girch's Weapon Emporium.
 14841 | D:9      | Annihilated by a very large slime creature

Illustrated notes

Levels and vault maps discovered:
D:1:      ncdulo_wetmaze, layout_loops_ring
D:2:      cheibrodos_old_hovel, layout_basic, serial_shops,
          nicolae_shop_hallway_stairs, nicolae_shop_advertising_works
          [nicolae_subvault_shop_adworks], basic_altar, item_on_display_a
D:3:      layout_loops_corners, nzn_wu_jian_contemplation, serial_shops, shop,
          hellmonk_ecumenical_altar_heavens_door, uniq_jessica
D:4:      layout_loops_ring, kennysheep_diamond, minmay_three_crescents
D:5:      layout_rooms
D:6:      layout_gridville, temple_hall_moat, enter_ossuary_3, uniq_maggie
D:7:      layout_loops_ring, eino_jars
D:8:      layout_gridville, gammafunk_ghost_abyssal_escape, nrook_mini_backslash
D:9:      layout_loops_ring, ebering_ghost_rock_garden, serial_shops,
          nicolae_shop_bloodbath_and_beyond

Skill      XL: |  1  2  3  4  5  6  7  8  9 10 |
---------------+-------------------------------+-----
Throwing       | 2 3 4 |  4.7
Dodging        | 3 4 5 |  5.9
Polearms       | 3 4 5 6 |  6.2
Armour         | 1 |  1.4
Stealth        | 1 2 3 4 5 |  5.3
Poison Magic   | 1 2 3 4 5 |  5.1
Invocations    | 1 2 3 4 5 6 |  6.9
Transmutations | 1 2 3 4 |  4.6
Fighting       | 3 4 5 |  5.8
Spellcasting   | 2 3 4 |  4.2
Conjurations   | |  0.7
Air Magic      | |  0.5

Action                   |  1- 3 |  4- 6 |  7- 9 | 10-12 || total
-------------------------+-------+-------+-------+-------++-------
Melee: Trident           |   109 |   127 |   304 |   179 ||   719
       Headbutt          |    16 |    25 |    57 |    17 ||   115
 Fire: Hunting sling     |       |       |    12 |       ||    12
Throw: Throwing net      |       |     1 |     4 |     2 ||     7
 Cast: Sting             |       |       |     1 |       ||     1
Invok: Line Pass         |       |       |       |     1 ||     1
Evoke: Wand              |       |       |     2 |       ||     2
  Use: Scroll            |       |     7 |     9 |     6 ||    22
       Potion            |       |       |     1 |     1 ||     2
 Stab: Sleeping          |     4 |     3 |     7 |    10 ||    24
       Paralysed         |       |     1 |     7 |    16 ||    24
       Distracted        |       |       |       |     1 ||     1
Armor: Leather armour    |    25 |    31 |    87 |    52 ||   195
Dodge: Dodged            |    66 |    81 |   174 |    97 ||   418

Table legend: (Time is in decaauts)
 A = Elapsed time spent in this place.
 B = Non-inter-level travel time spent in this place.
 C = Inter-level travel time spent in this place.
 D = Time resting spent in this place.
 E = Time spent auto-exploring this place.
 F = Levels seen in this place.
 G = Mean time per level.
                   A        B        C        D        E       F      G
               +--------+--------+--------+--------+--------+-----+--------+
         Total |  14920 |  14607 |    313 |   6333 |   6047 |  10 | 1492.0 |
       Dungeon |  13698 |  13385 |    313 |   5338 |   6047 |   9 | 1522.0 |
       Ossuary |   1222 |   1222 |      0 |    995 |      0 |   1 | 1222.0 |
               +--------+--------+--------+--------+--------+-----+--------+

Top non-repeatable levels by time:
     D:4: 2944 daAuts
     D:6: 2201 daAuts
     D:7: 1870 daAuts
     D:5: 1696 daAuts
     D:3: 1571 daAuts
 Ossuary: 1222 daAuts
     D:8: 1103 daAuts
     D:2: 910 daAuts
     D:1: 809 daAuts
     D:9: 591 daAuts
